 Dungeon Crawl Stone Soup version 0.19-a0-1815-g4007336 (console) character file.

94 brucemayne the Ruffian (level 4, -1/41 HPs)
             Began as a Troll Hunter on Oct 5, 2016.
             Slain by a wight
             ... wielding a +0 flail
              (4 damage)
             ... on level 6 of the Dungeon.
             The game lasted 00:03:43 (595 turns).

brucemayne the Ruffian (Troll Hunter)                Turns: 595, Time: 00:03:43

Health: -1/41      AC:  6    Str: 20    XL:     4   Next: 38%
Magic:  3/3        EV:  9    Int:  7    God:
Gold:   30         SH:  0    Dex: 11    Spells: 0 memorised, 3 levels left

rFire  . . .     SeeInvis .       - Unarmed
rCold  . . .     Gourm    +     b - +0 robe
rNeg   . . .     Faith    .     (no shield)
rPois  .         Spirit   .     (helmet restricted)
rElec  .         Dismiss  .     (no cloak)
rCorr  .         Reflect  .     (gloves unavailable)
MR     .....     Harm     .     (boots unavailable)
Stlth  +......... Rnd*Tele +    (no amulet)
                                m - +1 ring of protection
                                i - ring of teleportation (curse)

@: drained
A: unfitting armour, claws 3, fast metabolism 3, gourmand, regeneration 1,
shaggy fur 1, tough skin 2
a: no special abilities


You were on level 6 of the Dungeon.
You were not hungry.

You visited 1 branch of the dungeon, and saw 6 of its levels.

You collected 30 gold pieces.

Inventory:

Hand Weapons
 a - a +0 short sword
Missiles
 c - 5 large rocks (quivered)
 d - 2 throwing nets
 k - 2 poisoned needles
Armour
 b - a +0 robe (worn)
Jewellery
 i - a cursed ring of teleportation (left claw)
 m - a +1 ring of protection (right claw)
 n - an uncursed ring of ice
Scrolls
 e - a scroll of identify
 g - a scroll of fog
 h - a scroll of recharging
 o - a scroll of acquirement {unknown}
Potions
 j - a potion of ambrosia {unknown}
 l - a potion of degeneration {unknown}
 p - a potion of curing
Comestibles
 f - a bread ration


   Skills:
 - Level 1.5(1.0) Fighting
 - Level 3.6(3.0) Throwing
 - Level 1.5(1.0) Dodging
 - Level 0.3(0.0) Stealth
 + Level 4.1(3.5) Unarmed Combat


You had 3 spell levels left.
You didn't know any spells.

Dungeon Overview and Level Annotations

Branches:
Dungeon (6/15)
 Temple: D:4-7

Altars:
Ashenzari
Hepliaklqana
Trog
Yredelemnul


Innate Abilities, Weirdness & Mutations

You are too large for most types of armour.
You have claws for hands.
Your metabolism is lightning-fast.
You like to eat raw meat.
Your natural rate of healing is unusually fast.
You are covered in fur. (AC +1)
You have very tough skin. (AC +2)


Message History

You barely miss the wight.
The wight is almost destroyed.
The wight hits you but does no damage.
You scratch the wight.
You destroy the wight!
Your base Unarmed Combat skill increases to level 4!
You have reached level 4!
You claw the wight!
The wight is heavily damaged.
The wight hits you with a flail.
* * * LOW HITPOINT WARNING * * *
You closely miss the wight.
The wight is heavily damaged.
Found 8 gold pieces.
Things that are here:
a mace; a robe The wight hits you with a flail!
* * * LOW HITPOINT WARNING * * *
You feel drained.
You die...

##########
#..##....####
##.##.......#
##..#..##.##..#
##..#.....<#
#..#..#.#..#
###.##z##.##..#
#...##@##..##...
#..####.##.#.##...
#.####..#..#..##..
#.#........#
..##(#
....######.#
...#.# .... #.#
..# .... #.# ..#
.._.. #.. ##$


You could see a wight.

Vanquished Creatures
  A wight (D:6)
  A worker ant (D:4)
  An adder (D:3)
  An adder skeleton (D:4)
  A leopard gecko (D:1)
  A giant cockroach (D:3)
  2 goblins (D:1)
  A hobgoblin (D:1)
  4 jackals (D:1)
  3 bats
  A kobold (D:2)
  A rat (D:1)
18 creatures vanquished.

Notes
Turn   | Place    | Note
-------+----------+-------------------------------------------
     0 | D:1      | brucemayne the Troll Hunter began the quest for the Orb.
     0 | D:1      | Reached XP level 1. HP: 19/19 MP: 0/0
    29 | D:1      | Found a shattered altar of Ashenzari.
    36 | D:1      | Reached skill level 1 in Unarmed Combat
   127 | D:1      | Reached XP level 2. HP: 27/27 MP: 1/1
   171 | D:1      | Reached skill level 2 in Unarmed Combat
   339 | D:2      | You fall through a shaft for 2 floors!
   340 | D:4      | Found a hazy altar of Hepliaklqana.
   359 | D:4      | Reached skill level 3 in Unarmed Combat
   359 | D:4      | Reached XP level 3. HP: 19/33 MP: 2/2
   360 | D:4      | Found a bloodstained altar of Trog.
   490 | D:5      | Entered Level 5 of the Dungeon
   561 | D:6      | Found a basalt altar of Yredelemnul.
   581 | D:6      | Reached skill level 4 in Unarmed Combat
   581 | D:6      | Reached XP level 4. HP: 13/41 MP: 3/3
   595 | D:6      | Slain by a wight

Vault maps used:
D:1:      evilmike_arrival_crescent, evilmike_ruin_ashenzari
D:2:      fedhas_altar_fruit_tree, first_bread
D:3:      overflow_temple_1_default, minmay_misc_feat_ornament
D:4:      bloody_trog, overflow_temple_1_default, minivault_25, dk_vineyard_1,
          hangedman_decor_lopped, corexii_shack
D:5:      serial_shops, nicolae_shop_trees, minmay_fountain_box, uniq_edmund
D:6:      nicolae_qazlal_eye_of_the_storm, hangedman_feature_mirror,
          minmay_parallelograms

Skill      XL: |  1  2  3 |
---------------+----------+-----
Unarmed Combat | 1 3 4 |  4.1
Fighting       | |  1.5
Throwing       | |  3.6
Dodging        | |  1.5
Stealth        | |  0.3

Action                   |  1- 3 |  4- 6 || total
-------------------------+-------+-------++-------
Melee: Short sword       |    34 |       ||    34
       Unarmed           |    54 |     2 ||    56
       Punch             |     1 |       ||     1
  Use: Scroll            |     4 |       ||     4
       Potion            |     1 |       ||     1
  Eat: Bread ration      |     1 |       ||     1
Armor: Robe              |    35 |       ||    35
Dodge: Dodged            |    60 |       ||    60
